 Dungeon Crawl Stone Soup version 0.22-a0-292-g0df9d5f (webtiles) character file.

142 Amnesiac the Gusty (level 4, -1/33 HPs)
             Began as a Demigod Air Elementalist on Mar 23, 2018.
             Slain by Natasha (4 damage)
             ... on level 4 of the Dungeon.
             The game lasted 00:03:37 (2705 turns).

Amnesiac the Gusty (Demigod Air Elementalist)       Turns: 2705, Time: 00:03:39

Health: -1/33      AC:  3    Str: 11    XL:     4   Next: 74%
Magic:  4/11       EV: 12    Int: 26    God:
Gold:   149        SH:  0    Dex: 16    Spells: 3/8 levels left

rFire    . . .     SeeInvis .   t - +0 falchion
rCold    + + .     Gourm    .   (no shield)
rNeg     . . .     Faith    .   a - +0 robe
rPois    .         Spirit   .   (no helmet)
rElec    .         Reflect  .   (no cloak)
rCorr    .         Harm     .   q - +0 pair of gloves
MR       .....                  (no boots)
Stlth    ++........             (no amulet)
HPRegen  0.11/turn              (no ring)
MPRegen  0.12/turn              (no ring)

@: brilliant, flying, very slightly contaminated, hasted and slowed, invisible
A: blurry vision 1, cold resistance 2, high mp 1
a: no special abilities


You were on level 4 of the Dungeon.
You were not hungry.

You visited 1 branch of the dungeon, and saw 4 of its levels.

You collected 149 gold pieces.

Inventory:

Hand Weapons
 t - a +0 falchion (weapon)
Armour
 a - a +0 robe (worn)
 q - a +0 pair of gloves (worn)
Jewellery
 o - a cursed -3 ring of strength {unknown}
Wands
 f - a wand of iceblast (10)
 p - a wand of random effects (29)
Scrolls
 b - a scroll of remove curse {!r, unknown}
 l - 3 scrolls of teleportation {!r, unknown}
 m - 6 scrolls of identify {!r, unknown}
 u - a scroll of fog {!r, unknown}
Potions
 e - a potion of heal wounds {!q, unknown}
 h - 2 potions of invisibility {!q}
 i - a potion of flight {!q}
 j - a potion of magic {!q, unknown}
 k - a potion of brilliance {!q}
 n - a potion of curing {!q, unknown}
 r - a potion of lignification {!q, unknown}
Comestibles
 c - 5 rations


   Skills:
 - Level 1.7 Dodging
 - Level 1.7 Stealth
 + Level 2.8 Spellcasting
 - Level 0.8 Conjurations
 * Level 4.5 Air Magic


You had 3 spell levels left.
You knew the following spells:

 Your Spells              Type           Power        Failure   Level  Hunger
a - Shock                 Conj/Air       ####         1%          1    None
d - Airstrike             Air            #####.....   1%          4    ####...


Dungeon Overview and Level Annotations

Branches:
Dungeon (4/15)
 Temple: D:4-7

Annotations:
D:4 Natasha


Innate Abilities, Weirdness & Mutations

You have an increased reservoir of magic. (+10% MP)
Scrolls take you a little longer to read.
Your flesh is very cold resistant. (rC++)


Message History

Aim: Natasha The zap hits Natasha.
Natasha is moderately wounded.
The zap hits the crimson imp.
The crimson imp is heavily wounded.
Natasha extends her claws.
Natasha stares at you and mumbles some strange words.
You feel as though you will be slow longer.
Natasha casts a spell.
The crimson imp shouts, "Fly, thou bootless half-faced fustilarian!"
Casting: Shock (safe; 4% risk of failure)
Confirm with . or Enter, or press ? or * to list all spells.
Aiming: Airstrike (slightly dangerous; 21% risk of failure)
Press: ? - help, Dir - move target cursor, f - crimson imp
Aim: a crimson imp (moderately wounded, summoned)
The air twists around and violently strikes the crimson imp!
You kill the crimson imp!
Natasha claws you!
There is a stone staircase leading up, spattered with blood here.
Natasha claws you! The shadow imp hits you.
* * * LOW HITPOINT WARNING * * *
Natasha claws you.
* * * LOW HITPOINT WARNING * * *
You climb upwards.
The shadow imp disappears in a puff of smoke!
There is a stone staircase leading down here.
Really quaff
h - 3 viscous silvery potions {!q}?
It was a potion of invisibility {!q}.
You fade into invisibility!
Natasha mewls in sadness.
Natasha claws you.
* * * LOW HITPOINT WARNING * * *
You are very lightly contaminated with residual magic.
Really quaff
i - 2 green potions {!q}?
It was a potion of flight {!q}.
You feel very buoyant.
You fly up into the air.
Natasha stares at you and mumbles some strange words.
The magic dart hits you!
* * * LOW HITPOINT WARNING * * *
Natasha stares at you and mumbles some strange words.
You resist with some effort.
Really quaff
k - 2 coppery potions {!q}?
It was a potion of brilliance {!q}.
You feel clever all of a sudden.
Natasha growls.
Natasha barely misses you.
Really quaff
d - a bubbling silvery potion {!q}?
It was a potion of mutation {!q}.
You feel extremely strange.
You feel resistant to cold.
Your vision blurs.
You feel more resistant to cold.
Natasha casts a spell.
Natasha stares at you and mumbles some strange words.
You feel as though you will be slow longer.
Natasha claws you.
* * * LOW HITPOINT WARNING * * *
You fly downwards.
The shadow imp disappears in a puff of smoke!
There is a stone staircase leading up, spattered with blood here.
Really quaff
g - a fuming purple potion {!q}?
It was a potion of haste {!q}.
You feel yourself speed up. Natasha closely misses you.
You riposte.
You completely miss Natasha.
Natasha is lightly wounded.
Natasha claws you.
You die...

#...........#
#...........#
...#...........#
...##########'#######
....................#
....................#
..(.................#
....................#
..........@.........#
..........h........>#
..#####'#####'####'##
#.......#...#....#
#.......#...#....#
#.......#...#....#
#....).###..##'###
#......# #'###...#
#....... #.......#


You could see Natasha.

Vanquished Creatures
  A hound skeleton (D:4)
  4 adders
  An ooze (D:3)
  6 dart slugs
  2 leopard geckos (D:2)
  6 orcs
  6 bats
  3 giant cockroaches (D:2)
  8 goblins
  8 hobgoblins
  6 jackals (D:1)
  A quokka (D:2)
  A ball python (D:1)
  2 frilled lizards (D:1)
  3 kobolds (D:3)
  7 rats
65 creatures vanquished.

Notes
Turn   | Place    | Note
-------+----------+-------------------------------------------
     0 | D:1      | Amnesiac the Demigod Air Elementalist began the quest for the Orb.
     0 | D:1      | Reached XP level 1. HP: 14/14 MP: 5/5
   151 | D:1      | Reached skill level 3 in Air Magic
   198 | D:1      | Reached XP level 2. HP: 20/20 MP: 0/7
   939 | D:2      | Found a deep blue altar of Sif Muna.
   953 | D:2      | Found a glowing golden altar of the Shining One.
   953 | D:2      | Found a bloodstained altar of Trog.
   955 | D:2      | Found a basalt altar of Yredelemnul.
  1005 | D:2      | Found a hazy altar of Hepliaklqana.
  1008 | D:2      | Reached XP level 3. HP: 26/26 MP: 5/9
  1418 | D:2      | Reached skill level 4 in Air Magic
  1421 | D:2      | Found a snail-covered altar of Cheibriados.
  1510 | D:2      | Noticed a hand axe
  1512 | D:2      | Noticed a dagger
  1525 | D:2      | Found a hide-covered altar of Uskayaw.
  1790 | D:2      | Reached XP level 4. HP: 17/33 MP: 3/10
  1891 | D:2      | Learned a level 4 spell: Airstrike
  2172 | D:3      | Found a sacrificial altar of Ru.
  2509 | D:3      | Found a glowing silver altar of Zin.
  2688 | D:4      | Noticed Natasha
  2702 | D:3      | Gained mutation: Your flesh is cold resistant. (rC+) [potion of mutation]
  2702 | D:3      | Gained mutation: Scrolls take you a little longer to read. [potion of mutation]
  2702 | D:3      | Gained mutation: Your flesh is very cold resistant. (rC++) [potion of mutation]
  2705 | D:4      | Slain by Natasha

Vault maps used:
D:1:      sevenhm_arrival_forest_fort_small_4
D:2:      dancing_weapons_uskayaw, minitemple, lemuel_round_altar,
          kennysheep_slug_shrine
D:3:      lemuel_doored_altar, lemuel_round_altar
D:4:      kiku_gazebo_garden_becter, minmay_temple_entry_poolview,
          serial_park_tiny_pond, kennysheep_generic_room_8, uniq_menkaure,
          uniq_natasha, uniq_grinder

Skill      XL: |  1  2  3 |
---------------+----------+-----
Air Magic      | 3 4 |  4.5
Spellcasting   | 2 |  2.8
Dodging        | |  1.7
Stealth        | |  1.7
Conjurations   | |  0.8

Action                   |  1- 3 |  4- 6 || total
-------------------------+-------+-------++-------
Melee: Unarmed           |    20 |     7 ||    27
       Falchion          |       |     4 ||     4
 Cast: Shock             |    91 |    51 ||   142
       Airstrike         |       |     1 ||     1
  Use: Potion            |       |     5 ||     5
  Eat: Chunk             |     3 |     3 ||     6
Armor: Robe              |    13 |     4 ||    17
Dodge: Dodged            |    35 |    13 ||    48
       Rpst.: Falchion   |       |     2 ||     2

Table legend:
 A = Spawn XP
 B = Non-spawn XP
 C = Spawn XP percentage of total XP
 D = Spawn monster count
 E = Non-spawn monster count
 F = Spawn count percentage of total count
 G = Total turns spent on level
                    A         B        C        D         E        F      G
               +---------+---------+-------+---------+---------+-------+---------
         Total |       0 |     203 |   0.0 |       0 |      65 |   0.0 |  2705
               +---------+---------+-------+---------+---------+-------+---------
           D:1 |       0 |      42 |   0.0 |       0 |      24 |   0.0 |   863
           D:2 |       0 |      71 |   0.0 |       0 |      21 |   0.0 |  1067
           D:3 |       0 |      69 |   0.0 |       0 |      18 |   0.0 |   628
           D:4 |       0 |      21 |   0.0 |       0 |       2 |   0.0 |   147
               +---------+---------+-------+---------+---------+-------+---------
